 Dungeon Crawl Stone Soup version 0.23.1 (webtiles) character file.

Game seed: 5697244759579796011

693 XSreality the Chopper (level 7, -1/63 HPs)
             Began as a Hill Orc Monk on Mar 2, 2019.
             Was a Priest of Beogh.
             Slain by an ice beast (7 damage)
             ... on level 6 of the Dungeon.
             The game lasted 00:15:51 (5896 turns).

XSreality the Chopper (Hill Orc Monk)               Turns: 5896, Time: 00:15:54

Health: -1/63      AC: 13    Str: 16    XL:     7   Next: 64%
Magic:  7/7        EV:  5    Int: 10    God:    Beogh [***...]
Gold:   262        SH:  5    Dex: 13    Spells: 6/6 levels left

rFire    . . .     SeeInvis .   a - +1 hand axe
rCold    . . .     Gourm    .   j - +0 buckler
rNeg     . . .     Faith    .   l - +0 plate armour (curse)
rPois    .         Spirit   .   (no helmet)
rElec    .         Reflect  .   (no cloak)
rCorr    .         Harm     .   n - +0 pair of gloves
MR       .....                  (no boots)
Stlth    ..........             (no amulet)
HPRegen  0.20/turn              (no ring)
MPRegen  0.10/turn              (no ring)

@: lethally poisoned (-1 -> -18)
A: no striking features
a: Smiting, Renounce Religion


You were on level 6 of the Dungeon.
You worshipped Beogh.
Beogh was most pleased with you.
You were not hungry.

You visited 1 branch of the dungeon, and saw 5 of its levels.
You also visited: Sewer.

You collected 262 gold pieces.

Inventory:

Hand Weapons
 a - a +1 hand axe (weapon)
 v - a +2 flail of distortion
Armour
 i - a +0 ring mail
 j - a +0 buckler (worn)
 l - a cursed +0 plate armour (worn)
 n - a +0 pair of gloves (worn)
 t - a +0 ring mail
 u - a +0 plate armour
Scrolls
 d - a scroll of enchant weapon
 g - a scroll of noise {unknown}
 h - a scroll of fog {unknown}
 k - a scroll of remove curse {unknown}
 m - 3 scrolls of identify {unknown}
 o - 2 scrolls of amnesia {unknown}
 q - 3 scrolls of teleportation {unknown}
 s - 2 scrolls of blinking {unknown}
Potions
 b - 2 potions of curing {unknown}
 e - a potion of invisibility {unknown}
 f - 4 potions of heal wounds {unknown}
 p - a potion of flight {unknown}
 r - a potion of agility {unknown}
Comestibles
 c - 4 rations
 w - 9 chunks of flesh


   Skills:
 + Level 6.0 Fighting
 + Level 6.7 Axes
 + Level 4.0 Armour
 - Level 2.5 Dodging
 - Level 1.5 Stealth
 + Level 4.0 Shields


You had 6 spell levels left.
You didn't know any spells.
Your spell library was empty.

Dungeon Overview and Level Annotations

Branches:
Dungeon (4/15)
 Temple: D:4-7

Altars:
Ru


Message History

Your plate armour prevents you from hitting the scorpion.
The scorpion is almost dead.
You closely miss the ice beast.
* * * LOW HITPOINT WARNING * * *
You feel sick. You block the scorpion's attack.
The ice beast hits you but does no damage.
You hit the scorpion but do no damage.
The scorpion is almost dead.
You closely miss the ice beast.
* * * LOW HITPOINT WARNING * * *
You feel sick. You block the scorpion's attack.
The ice beast hits you but does no damage.
Your plate armour prevents you from hitting the scorpion.
The scorpion is almost dead.
You slash the ice beast!
* * * LOW HITPOINT WARNING * * *
You feel sick. You block the scorpion's attack. The ice beast hits you.
* * * LOW HITPOINT WARNING * * *
The ice beast freezes you!
You die...

......... ########$ #..
#.# ##### #Y# #...# #.#
#.#.# #.#
#(#.######.#.# #.#
#....s@Y...#.########.#
###.########.Y...Y....#
############


You could see an ice beast and a scorpion.

Vanquished Creatures
  An ogre (D:4)
  A big kobold (D:3)
  A bullfrog (Sewer)
  A hound (D:4)
  3 gnolls (D:2)
  9 adders
  10 oozes
  17 leopard geckos
  2 orcs
  11 giant cockroaches
  5 goblins
  7 hobgoblins
  5 jackals
  42 kobolds
  3 quokkas
  10 ball pythons (Sewer)
  6 bats
  14 frilled lizards
  10 rats
158 creatures vanquished.

Vanquished Creatures (collateral kills)
  An ogre (D:4)
  A big kobold (D:3)
  2 gnolls (D:3)
  An adder skeleton (D:4)
  2 orcs
  A bat (D:3)
  2 hobgoblins (D:3)
  2 kobolds (D:3)
12 creatures vanquished.

Vanquished Creatures (others)
  2 orcs
2 creatures vanquished.

Grand Total: 172 creatures vanquished

Notes
Turn   | Place    | Note
-------+----------+-------------------------------------------
     0 | D:1      | XSreality the Hill Orc Monk began the quest for the Orb.
     0 | D:1      | Reached XP level 1. HP: 19/19 MP: 1/1
   339 | D:1      | Reached XP level 2. HP: 16/27 MP: 2/2
  1272 | D:2      | Found a sacrificial altar of Ru.
  1360 | D:2      | Reached XP level 3. HP: 24/33 MP: 3/3
  1470 | D:2      | Reached skill level 1 in Armour
  1470 | D:2      | Reached skill level 1 in Shields
  1486 | D:2      | Reached XP level 4. HP: 24/40 MP: 4/4
  1688 | D:2      | Reached skill level 5 in Axes
  2239 | D:3      | Found a glowing drain.
  2272 | Sewer    | Entered a sewer
  2601 | Sewer    | Reached XP level 5. HP: 41/47 MP: 5/5
  3586 | Sewer    | Reached skill level 5 in Fighting
  3638 | Sewer    | Reached XP level 6. HP: 53/56 MP: 6/6
  3986 | D:3      | Became a worshipper of Beogh the Brigand
  3986 | D:3      | Reached * piety under Beogh
  3986 | D:3      | Reached ** piety under Beogh
  4285 | D:3      | Reached *** piety under Beogh
  4588 | D:3      | Reached XP level 7. HP: 59/61 MP: 7/7
  5853 | D:4      | You fall through a shaft for 2 floors!
  5896 | D:6      | Slain by an ice beast

Skill      XL: |  1  2  3  4  5  6  7 |
---------------+----------------------+-----
Fighting       | 4 5 6 |  6.0
Armour         | 1 2 3 4 |  4.0
Shields        | 1 2 3 4 |  4.0
Axes           | 5 6 |  6.7
Dodging        | |  2.5
Stealth        | |  1.5

Action                   |  1- 3 |  4- 6 |  7- 9 || total
-------------------------+-------+-------+-------++-------
Melee: Hand axe          |   117 |   465 |    81 ||   663
Invok: Convert to Beogh  |       |     1 |       ||     1
  Use: Scroll            |       |     1 |       ||     1
 Stab: Sleeping          |       |     1 |       ||     1
       Distracted        |       |       |     1 ||     1
  Eat: Chunk             |     2 |    11 |     1 ||    14
       Ration            |       |       |     1 ||     1
Armor: Robe              |     1 |       |       ||     1
       Plate armour      |    84 |   423 |    47 ||   554
       Ring mail         |    17 |       |       ||    17
Dodge: Dodged            |    44 |   133 |    14 ||   191
Block: Buckler           |    20 |   119 |    20 ||   159
